 Dungeon Crawl Stone Soup version 0.30.0-18-gc0e69614cb (webtiles) character file.

Game seed: 17515680257057986959

143 monsoonserge the Sneak (level 5, -2/24 HPs)
             Began as a Vine Stalker Enchanter on May 24, 2023.
             Succumbed to an orc wizard's poison
             ... on level 3 of the Dungeon.
             The game lasted 00:08:24 (1985 turns).

monsoonserge the Sneak (Vine Stalker Enchanter)     Turns: 1985, Time: 00:08:25

Health: -2/24      AC:  4    Str: 10    XL:     5   Next: 25%
Magic:  6/10       EV: 11    Int: 17    God:
Gold:   132        SH:  0    Dex: 15    Spells: 7/9 levels left

rFire   . . .        a - +1 dagger
rCold   . . .        (no shield)
rNeg    . . .        n - +0 leather armour
rPois   .            p - +0 helmet
rElec   .            (no cloak)
rCorr   .            (no gloves)
SInv    .            (no boots)
Will    .....        (no amulet)
Stlth   +++          (no ring)
HPRegen 1.04/turn    (no ring)
MPRegen 0.12/turn

%: guardian spirit
@: lethally poisoned (-2 -> -15), very slightly contaminated, invisible
A: fangs 2, regeneration 1, magic shield, antimagic bite, no potion heal 2
a: no special abilities


You were on level 3 of the Dungeon.
You visited 1 branch of the dungeon, and saw 3 of its levels.

You collected 132 gold pieces.

Inventory:

Hand Weapons
 a - a +1 dagger (weapon)
Missiles
 d - 3 javelins (quivered)
 f - 7 poisoned darts
 l - 30 stones
Armour
 b - a +0 robe
 k - a +0 ring mail
 m - a +0 scale mail of cold resistance
 n - a +0 leather armour (worn)
 p - a +0 helmet (worn)
Scrolls
 g - a scroll of enchant armour {unknown}
 i - a scroll of identify {unknown}
 q - a scroll of silence {unknown}
 r - a scroll of noise {unknown}
Potions
 c - 2 potions of invisibility
 e - 2 potions of curing {unknown}
 h - 2 potions of ambrosia {unknown}
 j - a potion of might {unknown}
 o - a potion of heal wounds {unknown}
 s - a potion of haste {unknown}
 t - 2 potions of magic {unknown}


   Skills:
 + Level 1.1 Short Blades
 * Level 1.2 Armour
 + Level 1.6 Dodging
 + Level 5.2 Stealth
 + Level 2.9 Spellcasting
 + Level 3.4 Hexes
 * Level 1.6 Ice Magic


You had 7 spell levels left.
You knew the following spells:

 Your Spells              Type           Power      Damage    Failure   Level
a - Ensorcelled Hibernat  Hex/Ice        22%        N/A       12%         2

Your spell library contained the following spells:

 Spells                   Type           Power      Damage    Failure   Level
 Confusing Touch          Hex            14%        N/A       17%         3
 Tukima's Dance           Hex            14%        N/A       17%         3
 Dazzling Flash           Conj/Hex       16%        N/A       34%         3


Dungeon Overview and Level Annotations

Branches:
Dungeon (3/15)

Altars:


Innate Abilities, Weirdness & Mutations

You have extremely sharp teeth.
Your natural rate of healing is unusually fast.
When hurt, damage is shared between your health and your magic reserves.
Your bite disrupts and absorbs the magic of your enemies.
Potions cannot restore your health.


Message History

Confirm with . or Enter, or press ? or * to list all spells.
Aiming: Ensorcelled Hibernation (safe; 12% risk of failure)
Press: ? - help, Shift-Dir - straight line, f/p - orc wizard
Aim: an orc wizard, wielding a +0 dagger of venom and wearing a +0 robe (chance to affect: 45%)
The orc wizard resists with some effort.
You feel sick.
The orc wizard hits you but does no damage.
You are more poisoned.
The orc barely misses you.
Press: ? - help, v - describe, . - travel, g - get item
Here: an orc wizard, wielding a +0 dagger of venom and wearing a +0 robe
Items here: a +0 short sword; a +0 ring mail; an orc corpse.
The floor, spattered with blood.
Casting: Ensorcelled Hibernation (safe; 12% risk of failure)
Confirm with . or Enter, or press ? or * to list all spells.
Aiming: Ensorcelled Hibernation (safe; 12% risk of failure)
Press: ? - help, Shift-Dir - straight line, f/p - orc wizard
Aim: an orc wizard, wielding a +0 dagger of venom and wearing a +0 robe (chance to affect: 45%)
You miscast Ensorcelled Hibernation.
You are very lightly contaminated with residual magic.
Nothing appears to happen.
You feel very sick. The orc closely misses you.
An orc comes into view. It is wielding a +0 hand axe.
The orc wizard hits you but does no damage.
You fade into invisibility!
You feel very sick. The orc wizard barely misses you.
The orc barely misses you.
You barely miss the orc wizard.
You feel sick.
The orc wizard hits you with a +0 dagger of venom.
You are lethally poisoned!
The orc hits you with a +0 flail!
* * * LOW HITPOINT WARNING * * *
The orc shouts!
You hit the orc wizard but do no damage.
You bite the orc wizard.
The orc wizard's magic leaks into the air.
You drain its magic.
You feel invigorated.
The orc wizard is moderately wounded.
You die...

#. ... .. ..#
#. #.# # #.
#.# .# #. #.#
.#
#.######.###.#
#.....##..<.#
##o........##
#@##.#####.#
#o##.# #.#
#.##.# #.#
o.##.# #.#
####.# ## #.#
#<#


You could see an orc wizard (unable to see you, magic disrupted) and 2 orcs.

Vanquished Creatures
  Natasha (thrice) (D:2)
  Robin (D:2)
  An adder (D:2)
  A worm (D:3)
  2 dart slugs
  An orc (D:3)
  4 bats
  6 endoplasms
  2 giant cockroaches
  3 hobgoblins (D:2)
  4 kobolds
  A quokka (D:2)
  3 ball pythons
  A frilled lizard (D:2)
  6 goblins (D:2)
  5 rats
44 creatures vanquished.

Notes
Turn   | Place    | Note
-------+----------+-------------------------------------------
     0 | D:1      | monsoonserge the Vine Stalker Enchanter began the quest for
                  | the Orb.
     0 | D:1      | Reached XP level 1. HP: 9/9 MP: 4/4
   235 | D:1      | Reached XP level 2. HP: 13/13 MP: 6/6
   239 | D:1      | Learned a level 2 spell: Ensorcelled Hibernation
   294 | D:1      | Reached skill level 1 in Short Blades
   392 | D:1      | Reached skill level 4 in Stealth
   747 | D:2      | Noticed Natasha
   755 | D:2      | Killed Natasha
   756 | D:2      | Reached XP level 3. HP: 9/16 MP: 5/8
   977 | D:2      | Noticed Natasha
   982 | D:2      | Killed Natasha
   983 | D:2      | Gained mutation: Your natural rate of healing is unusually
                  | fast. [Vine Stalker growth]
   983 | D:2      | Reached XP level 4. HP: 14/21 MP: 0/9
   986 | D:2      | Noticed Robin
  1311 | D:2      | Killed Robin
  1312 | D:2      | Reached skill level 1 in Ice Magic
  1656 | D:2      | Reached skill level 1 in Armour
  1867 | D:3      | Found a faded altar of an unknown god.
  1893 | D:3      | Reached XP level 5. HP: 24/24 MP: 1/10
  1945 | D:2      | Noticed Natasha
  1950 | D:2      | Killed Natasha
  1951 | D:2      | Reached skill level 5 in Stealth
  1985 | D:3      | Succumbed to an orc wizard's poison

Illustrated notes

Levels and vault maps discovered:
D:1:      dpeg_arrival_fog, layout_loops_ring, dreamdust_princess_bridge
D:2:      layout_basic, uniq_robin, uniq_natasha
D:3:      layout_loops_ring, cheibrodos_sewer_entry_bend, basic_ecumenical_altar

Skill      XL: |  1  2  3  4  5 |
---------------+----------------+-----
Short Blades   | 1 |  1.1
Stealth        | 4 5 |  5.2
Ice Magic      | 1 |  1.6
Armour         | 1 |  1.2
Dodging        | |  1.6
Spellcasting   | |  2.9
Hexes          | |  3.4

Action                     |  1- 3 |  4- 6 || total
---------------------------+-------+-------++-------
  Melee: Dagger            |    40 |    37 ||    77
         Bite              |    13 |     5 ||    18
   Cast: Ensorcelled Hiber |     9 |    12 ||    21
    Use: Potion            |       |     1 ||     1
   Stab: Sleeping          |    10 |    13 ||    23
         Distracted        |       |     1 ||     1
 Armour: Robe              |     3 |       ||     3
         Leather armour    |       |     5 ||     5
  Dodge: Dodged            |    17 |    23 ||    40
